 Dungeon Crawl Stone Soup version 0.31-a0-523-g071a6c1ffa (webtiles) character file.

Game seed: 12503803249829634882

25 innerfire43 the Ruffian (level 3, -1/28 HPs)
             Began as a Gnoll Shapeshifter on Aug 11, 2023.
             Slain by a quokka (4 damage)
             ... on level 2 of the Dungeon.
             The game lasted 00:00:47 (741 turns).

innerfire43 the Ruffian (Gnoll Shapeshifter)         Turns: 741, Time: 00:00:48

Health: -1/28      AC:  2    Str: 16    XL:     3   Next: 6%
Magic:  3/3        EV: 13    Int:  7    God:
Gold:   88         SH:  0    Dex: 12    Spells: 3/3 levels left

rFire   . .          .
                       - Unarmed
rCold   . . .        (shield currently unavailable)
rNeg    . . .        a - +0 animal skin
rPois   .            (no helmet)
rElec   .            (no cloak)
rCorr   .            (no gloves)
SInv    .            (no boots)
Will    .....        (no amulet)
Stlth   +            (no ring)
HPRegen 0.24/turn    (no ring)
MPRegen 0.08/turn

%: no passive effects
@: flux-form, glowing
A: glow, contaminating, fangs 1, strong nose, distributed training
a: Begin Untransformation


You were on level 2 of the Dungeon.
You were something dangerously unstable.
You visited 1 branch of the dungeon, and saw 2 of its levels.

You collected 88 gold pieces.

Inventory:

Armour
 a - a +0 animal skin (worn)
Talismans
 c - a beast talisman
 d - a flux talisman (active)
Scrolls
 e - 2 scrolls of enchant armour {unknown}
 f - 2 scrolls of identify {unknown}
 g - a scroll of poison {unknown}
 h - a scroll of summoning {unknown}
 i - a scroll of teleportation {unknown}
Potions
 b - a potion of lignification


   Skills:
 + Level 2.5 Fighting
 + Level 0.6 Short Blades
 + Level 0.6 Long Blades
 + Level 0.6 Axes
 + Level 0.6 Maces & Flails
 + Level 0.6 Polearms
 + Level 0.6 Staves
 + Level 0.6 Ranged Weapons
 + Level 0.6 Throwing
 + Level 0.6 Armour
 + Level 4.5 Dodging
 + Level 0.6 Stealth
 + Level 0.6 Shields
 + Level 6.5 Unarmed Combat
 + Level 0.6 Spellcasting
 + Level 0.4 Conjurations
 + Level 0.4 Hexes
 + Level 0.4 Summonings
 + Level 0.4 Necromancy
 + Level 0.4 Translocations
 + Level 0.4 Transmutations
 + Level 0.4 Fire Magic
 + Level 0.4 Ice Magic
 + Level 0.4 Air Magic
 + Level 0.4 Earth Magic
 + Level 0.4 Poison Magic
 + Level 0.8 Invocations
 + Level 0.6 Evocations
 + Level 6.5 Shapeshifting


You had 3 spell levels left.
You didn't know any spells.
Your spell library was empty.

Dungeon Overview and Level Annotations

Branches:
Dungeon (2/15)

Altars:


Innate Abilities, Weirdness & Mutations

You are something dangerously unstable.
You glow with magical radiation, making you easy to see and hit.
Foes you strike become dangerously contaminated with magical radiation.
You are incapable of wielding weapons or throwing items.
You have very sharp teeth.
Your uncanny sense of smell can sniff out nearby items.
Your experience applies equally to all skills.


Message History

The hobgoblin hits you.
You have reached level 3!
Your experience leads to an increase in your attributes!
Increase (S)trength, (I)ntelligence, or (D)exterity?
You feel stronger. x2
You closely miss the jackal. The jackal barely misses you.
The hobgoblin barely misses you.
You closely miss the jackal. The jackal barely misses you.
The hobgoblin hits you. The jackal barely misses you.
You barely miss the rat. Your bite misses the rat.
The jackal bites you but does no damage.
The hobgoblin misses you. The rat barely misses you.
You hit the rat but do no damage.
The rat begins to glow.
The jackal bites you. The hobgoblin hits you. The rat misses you.
You hit the rat.
You kill the rat!
The jackal bites you but does no damage.
The quokka bites you. The jackal bites you. The quokka barely misses you.
The hobgoblin attacks as you move away! The hobgoblin misses you.
You hit the hobgoblin but do no damage.
The hobgoblin begins to glow.
The jackal barely misses you. The hobgoblin hits you.
You hit the hobgoblin.
The hobgoblin glows dangerously bright.
The hobgoblin is almost dead.
The jackal barely misses you. The hobgoblin hits you. The quokka bites you.
* * * LOW HITPOINT WARNING * * *
You hit the hobgoblin but do no damage.
The hobgoblin shudders as magic cascades through it!!
You kill the hobgoblin!
The jackal barely misses you. The quokka bites you.
* * * LOW HITPOINT WARNING * * *
The jackal misses you.
Unknown command.
You closely miss the quokka. The jackal barely misses you.
The quokka closely misses you.
You barely miss the quokka. The jackal barely misses you. The quokka bites you.
* * * LOW HITPOINT WARNING * * *
You hit the quokka.
The quokka begins to glow.
The quokka is almost dead.
The jackal misses you. The quokka bites you.
You die...

#....#.....##.....#
#....#.....##.....#
#....#.....##.....###
#....#..|..#.........
######....#.....#.........
#<..............#.†.......
#...............#.........
##.###..........#h........
#.# #..........B.........
#.# ###+########r........
#.# .####'###. #.# .. ...
#.# $. ... #.# ... ... #.#
#..


You could see a quokka (contam) and a jackal.

Vanquished Creatures
  A dart slug (D:1)
  2 bats (D:1)
  4 endoplasms
  3 hobgoblins
  A jackal (D:2)
  2 ball pythons (D:1)
  3 goblins (D:1)
  2 kobolds (D:1)
  4 rats
22 creatures vanquished.

Notes
Turn   | Place    | Note
-------+----------+-------------------------------------------
     0 | D:1      | innerfire43 the Gnoll Shapeshifter began the quest for the
                  | Orb.
     0 | D:1      | Reached XP level 1. HP: 17/17 MP: 1/1
   245 | D:1      | Reached XP level 2. HP: 23/23 MP: 2/2
   729 | D:2      | Reached XP level 3. HP: 21/28 MP: 3/3
   741 | D:2      | Slain by a quokka

Illustrated notes

Levels and vault maps discovered:
D:1:      dpeg_arrival_arbitrary_c, layout_loops_ring, minmay_surrounded
D:2:      layout_basic, uniq_natasha

Action                     || total
---------------------------++-------
  Melee: Unarmed           ||    62
         Bite              ||     4
 Armour: Animal skin       ||    10
  Dodge: Dodged            ||    47
   Form: Flux              ||     1

Table legend: (Time is in decaauts)
 A = Elapsed time spent in this place.
 B = Non-inter-level travel time spent in this place.
 C = Inter-level travel time spent in this place.
 D = Time resting spent in this place.
 E = Time spent auto-exploring this place.
 F = Levels seen in this place.
 G = Mean time per level.
                   A        B        C        D        E       F      G
               +--------+--------+--------+--------+--------+-----+--------+
         Total |    733 |    718 |     15 |      0 |    596 |   2 |  366.5 |
       Dungeon |    733 |    718 |     15 |      0 |    596 |   2 |  366.5 |
               +--------+--------+--------+--------+--------+-----+--------+

Top non-repeatable levels by time:
     D:1: 686 daAuts
     D:2: 46 daAuts
